EL
NEW HAMPSHIRE FISHER CATS @ HARRISBURG SENATORS
08/16/2099
 
TOP OF THE 1ST
New Hampshire Fisher Cats batting - Pitching for Harrisburg Senators : LHP Dustin Imel
Pitching: LHP Dustin Imel
Batting: RHB Matt Larsen 0-0: Ball
1-0: Ball
2-0: Called Strike
2-1: Foul Ball, location: 5F
2-2: DOUBLE (Flyball, 8LXD, EV 110.6 MPH)
Batting: RHB Julio Correa 0-0: Called Strike
0-1: Swinging Strike
0-2: Strikes out swinging
Batting: RHB Walt Baranyi 0-0: Foul Ball, location: 25F
0-1: Swinging Strike
0-2: Ball
1-2: Foul Ball, location: 5DF
1-2: Ball
2-2: Strikes out swinging
Batting: SHB Jody Holman 0-0: Swinging Strike
0-1: Called Strike
0-2: Ball
1-2: Ball
2-2: Strikes out swinging
Top of the 1st over - 0 runs, 1 hit, 0 errors, 1 left on base; New Hampshire 0 - Harrisburg 0
BOTTOM OF THE 1ST
Harrisburg Senators batting - Pitching for New Hampshire Fisher Cats : LHP Chris Hankerson
Pitching: LHP Chris Hankerson
Batting: RHB Joe Fishler 0-0: Called Strike
0-1: Foul Ball, location: 3F
0-2: Ball
1-2: Ball
2-2: Ball
3-2: DOUBLE (Groundball, 3L, EV 99.4 MPH)
Batting: RHB David DeMaio 0-0: Called Strike
0-1: SINGLE (Line Drive, 6D, EV 100.6 MPH)
Joe Fishler to third
Runner from 3rd tries for Home, SAFE, throw by CF to home
Batting: LHB Frank Creamer 0-0: Ball
1-0: Fly out, F9 (Flyball, 9LM, EV 85.6 MPH)
Batting: SHB Jose Jaramillo 0-0: Ball
1-0: Ball
2-0: Ball
3-0: Called Strike
3-1: Foul Ball, location: 7LSF
3-2: Foul Ball, location: 5FF
3-2: Base on Balls
David DeMaio to second
Batting: RHB Clint Rosenberg 0-0: Foul Ball, location: 5SF
0-1: Called Strike
0-2: Fly out, F8 (Flyball, 8LS, EV 93.1 MPH)
Pitching: RHP Nick Bondi
Batting: SHB Brian Martin 0-0: Ball
1-0: Called Strike
1-1: Ball
2-1: Ball
3-1: Base on Balls
David DeMaio to third
Jose Jaramillo to second
Batting: RHB Paul Bailey 0-0: Ball
1-0: Foul Ball, location: 9LMF
1-1: SINGLE (Line Drive, 34, EV 106.3 MPH)
David DeMaio scores
Jose Jaramillo to third
Brian Martin to second
Batting: RHB Ryan Wagner 0-0: Ball
1-0: Foul Ball, location: 9LDF
1-1: SINGLE (Line Drive, 9S, EV 86.9 MPH)
Jose Jaramillo scores
Brian Martin to third
Paul Bailey to second
Runner from 3rd tries for Home, SAFE, throw by RF to home
Batting: RHB Montes Calosso 0-0: Foul Ball, location: 9LDF
0-1: Fly out, F5 (Popup, 56S, EV 70.0 MPH)
Bottom of the 1st over - 4 runs, 4 hits, 0 errors, 2 left on base; New Hampshire 0 - Harrisburg 4
TOP OF THE 2ND
New Hampshire Fisher Cats batting - Pitching for Harrisburg Senators : LHP Dustin Imel
Batting: RHB Pablo Pizarro 0-0: Called Strike
0-1: Foul Ball, location: 2F
0-2: Strikes out swinging
Batting: RHB Matt Robertson 0-0: Swinging Strike
0-1: Ball
1-1: Ball
2-1: Swinging Strike
2-2: Strikes out swinging
Batting: RHB Steve Bova 0-0: Ball
1-0: Fly out, F9 (Flyball, 9, EV 85.6 MPH)
Top of the 2nd over - 0 runs, 0 hits, 0 errors, 0 left on base; New Hampshire 0 - Harrisburg 4
BOTTOM OF THE 2ND
Harrisburg Senators batting - Pitching for New Hampshire Fisher Cats : RHP Nick Bondi
Batting: RHB Joe Fishler 0-0: Swinging Strike
0-1: Foul Ball, location: 2F
0-2: Ball
1-2: Ball
2-2: Foul Ball, location: 2F
2-2: Strikes out swinging
Batting: RHB David DeMaio 0-0: Ball
1-0: Fly out, F4 (Line Drive, 4M, EV 69.4 MPH)
Batting: LHB Frank Creamer 0-0: Called Strike
0-1: Fly out, F7 (Flyball, 7, EV 95.6 MPH)
Bottom of the 2nd over - 0 runs, 0 hits, 0 errors, 0 left on base; New Hampshire 0 - Harrisburg 4
TOP OF THE 3RD
New Hampshire Fisher Cats batting - Pitching for Harrisburg Senators : LHP Dustin Imel
Batting: RHB Mike Barney 0-0: Ball
1-0: Ball
2-0: Foul Ball, location: 2F
2-1: Foul Ball, location: 23FF
2-2: Foul Ball, location: 2F
2-2: Ball
3-2: Foul Ball, location: 2F
3-2: Foul Ball, location: 3F
3-2: Foul Ball, location: 7LMF
3-2: Base on Balls
Batting: RHB Jose Grijalva 0-0: Swinging Strike
0-1: Swinging Strike
0-2: Ball
1-2: Ball
2-2: Strikes out swinging
Batting: RHB Matt Larsen 0-0: Ball
1-0: Called Strike
1-1: Foul Ball, location: 9LMF
1-2: Strikes out swinging
Batting: RHB Julio Correa 0-0: Ball
1-0: Fly out, F9 (Flyball, 9D, EV 98.8 MPH)
Top of the 3rd over - 0 runs, 0 hits, 0 errors, 1 left on base; New Hampshire 0 - Harrisburg 4
BOTTOM OF THE 3RD
Harrisburg Senators batting - Pitching for New Hampshire Fisher Cats : RHP Nick Bondi
Batting: SHB Jose Jaramillo 0-0: Ball
1-0: Ball
2-0: Fly out, F7 (Flyball, 78D, EV 95.0 MPH)
Batting: RHB Clint Rosenberg 0-0: Called Strike
0-1: Swinging Strike
0-2: Ball
1-2: Strikes out looking
Batting: SHB Brian Martin 0-0: Ball
1-0: Fly out, F9 (Line Drive, 89M, EV 101.9 MPH)
Bottom of the 3rd over - 0 runs, 0 hits, 0 errors, 0 left on base; New Hampshire 0 - Harrisburg 4
TOP OF THE 4TH
New Hampshire Fisher Cats batting - Pitching for Harrisburg Senators : LHP Dustin Imel
Batting: RHB Walt Baranyi 0-0: Called Strike
0-1: Swinging Strike
0-2: Strikes out swinging
Batting: SHB Jody Holman 0-0: Called Strike
0-1: Called Strike
0-2: SINGLE (Groundball, 4D, EV 103.1 MPH)
Batting: RHB Pablo Pizarro 0-0: Called Strike
0-1: Swinging Strike
0-2: Ball
1-2: Fielders Choice at 2nd, 2-6 (Groundball, 13S, EV 66.9 MPH)
Batting: RHB Matt Robertson 0-0: Ball
1-0: Called Strike
1-1: Swinging Strike
1-2: Strikes out looking
Top of the 4th over - 0 runs, 1 hit, 0 errors, 1 left on base; New Hampshire 0 - Harrisburg 4
BOTTOM OF THE 4TH
Harrisburg Senators batting - Pitching for New Hampshire Fisher Cats : RHP Nick Bondi
Batting: RHB Paul Bailey 0-0: SINGLE (Groundball, 6MD, EV 105.6 MPH)
Batting: RHB Ryan Wagner 0-0: Ball
1-0: Ball
2-0: Foul Ball, location: 5F
2-1: Foul Ball, location: 2F
2-2: Ball
3-2: Foul Ball, location: 2F
3-2: Grounds into double play, 6-4-3 (Groundball, 56, EV 100.6 MPH)
Batting: RHB Montes Calosso 0-0: Ball
1-0: Fly out, F8 (Line Drive, 8RD, EV 91.9 MPH)
Bottom of the 4th over - 0 runs, 1 hit, 0 errors, 0 left on base; New Hampshire 0 - Harrisburg 4
TOP OF THE 5TH
New Hampshire Fisher Cats batting - Pitching for Harrisburg Senators : LHP Dustin Imel
Batting: RHB Steve Bova 0-0: Ground out 6-3 (Groundball, 6, EV 86.3 MPH)
Batting: RHB Mike Barney 0-0: Called Strike
0-1: Foul Ball, location: 9LSF
0-2: SINGLE (Groundball, 34D, EV 94.4 MPH)
Batting: RHB Jose Grijalva 0-0: Called Strike
0-1: Ball
1-1: Grounds into double play, 6-4-3 (Groundball, 6, EV 93.8 MPH)
Top of the 5th over - 0 runs, 1 hit, 0 errors, 0 left on base; New Hampshire 0 - Harrisburg 4
BOTTOM OF THE 5TH
Harrisburg Senators batting - Pitching for New Hampshire Fisher Cats : RHP Nick Bondi
Batting: RHB Joe Fishler 0-0: Ball
1-0: SINGLE (Line Drive, 78S, EV 90.6 MPH)
Batting: RHB David DeMaio 0-0: Ball
1-0: Ball
2-0: Grounds into double play, 4-6-3 (Groundball, 34, EV 84.4 MPH)
Batting: LHB Frank Creamer 0-0: Fly out, F1 (Line Drive, P, EV 73.8 MPH)
Bottom of the 5th over - 0 runs, 1 hit, 0 errors, 0 left on base; New Hampshire 0 - Harrisburg 4
TOP OF THE 6TH
New Hampshire Fisher Cats batting - Pitching for Harrisburg Senators : LHP Dustin Imel
Batting: RHB Matt Larsen 0-0: Ball
1-0: Called Strike
1-1: Ball
2-1: Foul Ball, location: 5F
2-2: Strikes out swinging
Batting: RHB Julio Correa 0-0: Ball
1-0: Called Strike
1-1: Called Strike
1-2: Strikes out looking
Batting: RHB Walt Baranyi 0-0: Ball
1-0: Ball
2-0: Ball
3-0: Called Strike
3-1: Foul Ball, location: 2F
3-2: Foul Ball, location: 5FF
3-2: Base on Balls
Pitching: LHP Carlos Jimenez
Batting: SHB Jody Holman 0-0: Ball
1-0: Fly out, F9 (Flyball, 89D, EV 93.8 MPH)
Top of the 6th over - 0 runs, 0 hits, 0 errors, 1 left on base; New Hampshire 0 - Harrisburg 4
BOTTOM OF THE 6TH
Harrisburg Senators batting - Pitching for New Hampshire Fisher Cats : RHP Nick Bondi
Batting: SHB Jose Jaramillo 0-0: SINGLE (Groundball, 4MD, EV 101.3 MPH)
Batting: RHB Clint Rosenberg 0-0: Swinging Strike
0-1: Ball
1-1: Swinging Strike
1-2: Ball
2-2: Strikes out swinging
Batting: SHB Brian Martin 0-0: Ball
1-0: Called Strike
1-1: Ball
2-1: SINGLE (Groundball, 6M, EV 108.8 MPH)
Jose Jaramillo to second
Jose Jaramillo to third
Batting: RHB Paul Bailey 0-0: Called Strike
0-1: Swinging Strike
0-2: Strikes out swinging
Batting: RHB Ryan Wagner 0-0: Foul Ball, location: 2F
0-1: Foul Ball, location: 7LSF
0-2: Ball
1-2: Ball
2-2: Ball
3-2: Strikes out swinging
Bottom of the 6th over - 0 runs, 2 hits, 0 errors, 2 left on base; New Hampshire 0 - Harrisburg 4
TOP OF THE 7TH
New Hampshire Fisher Cats batting - Pitching for Harrisburg Senators : LHP Carlos Jimenez
Batting: RHB Pablo Pizarro 0-0: Called Strike
0-1: Ball
1-1: Ball
2-1: Foul Ball, location: 2F
2-2: Foul Ball, location: 9LDF
2-2: Strikes out swinging
Batting: RHB Matt Robertson 0-0: Ball
1-0: Called Strike
1-1: Ball
2-1: Ball
3-1: Foul Ball, location: 2F
3-2: Base on Balls
Batting: RHB Steve Bova 0-0: Foul Ball, location: 5F
0-1: Foul Ball, location: 2F
0-2: Ball
1-2: Ball
2-2: Ball
3-2: Base on Balls
Matt Robertson to second
Batting: RHB Mike Barney 0-0: Called Strike
0-1: Ball
1-1: Called Strike
1-2: Ball
2-2: Ball
3-2: Strikes out swinging
Pitching: RHP Sean Trembath
Batting: RHB Jose Grijalva 0-0: Called Strike
0-1: Ball
1-1: Called Strike
1-2: Ground out 3-1 (Groundball, 34, EV 82.5 MPH)
Top of the 7th over - 0 runs, 0 hits, 0 errors, 2 left on base; New Hampshire 0 - Harrisburg 4
BOTTOM OF THE 7TH
Harrisburg Senators batting - Pitching for New Hampshire Fisher Cats : RHP Nick Bondi
Batting: RHB Montes Calosso 0-0: Ball
1-0: Ball
2-0: Ball
3-0: Base on Balls
Batting: RHB Joe Fishler 0-0: Hit by Pitch
Montes Calosso to second
Batting: RHB David DeMaio 0-0: Foul Ball, location: 2F
0-1: Ball
1-1: Ball
2-1: Ball
3-1: Called Strike
3-2: Base on Balls
Montes Calosso to third
Joe Fishler to second
Batting: LHB Frank Creamer 0-0: Ball
1-0: Fly out, F8 (Line Drive, 89M, EV 98.8 MPH)
Runner from 3rd tags up, SCORES, throw by CF
Joe Fishler to third
Batting: SHB Jose Jaramillo 0-0: Ball
1-0: Ball
2-0: Called Strike
2-1: Ball
3-1: Called Strike
3-2: Foul Ball, location: 2F
3-2: Fly out, F8 (Flyball, 8RS, EV 91.3 MPH)
Pitching: LHP Pete Wimmer
Batting: RHB Clint Rosenberg 0-0: Ball
1-0: Called Strike
1-1: Ground out 4-3 (Groundball, 13, EV 90.6 MPH)
Bottom of the 7th over - 1 run, 0 hits, 0 errors, 2 left on base; New Hampshire 0 - Harrisburg 5
TOP OF THE 8TH
New Hampshire Fisher Cats batting - Pitching for Harrisburg Senators : RHP Sean Trembath
Batting: RHB Matt Larsen 0-0: Called Strike
0-1: Ball
1-1: Foul Ball, location: 2F
1-2: Strikes out swinging
Batting: RHB Julio Correa 0-0: Ball
1-0: Ball
2-0: Called Strike
2-1: Swinging Strike
2-2: SINGLE (Line Drive, 78S, EV 90.6 MPH)
Batting: RHB Walt Baranyi 0-0: Ball
1-0: SINGLE (Line Drive, 8LS, EV 85.6 MPH)
Julio Correa to second
Runner from 2nd tries for 3rd, SAFE, throw by CF made to third
Batting: SHB Jody Holman 0-0: Ball
1-0: Fly out, F8 (Flyball, 8LD, EV 92.5 MPH)
Runner from 3rd tags up, SCORES, throw by CF
Batting: RHB Pablo Pizarro 0-0: Foul Ball, location: 3DF
0-1: Ball
1-1: Ball
2-1: Ball
3-1: DOUBLE (Groundball, 5L, EV 102.5 MPH)
Walt Baranyi to third
Batting: RHB Matt Robertson 0-0: Ball
1-0: Ball
2-0: Ball
3-0: Called Strike
3-1: Ground out 1-3 (Groundball, 15S, EV 73.1 MPH)
Top of the 8th over - 1 run, 3 hits, 0 errors, 2 left on base; New Hampshire 1 - Harrisburg 5
BOTTOM OF THE 8TH
Harrisburg Senators batting - Pitching for New Hampshire Fisher Cats : LHP Pete Wimmer
Batting: SHB Brian Martin 0-0: Swinging Strike
0-1: Ground out 6-3 (Groundball, 6, EV 108.8 MPH)
Batting: RHB Paul Bailey 0-0: Ball
1-0: Swinging Strike
1-1: Ball
2-1: Foul Ball, location: 2F
2-2: Ball
3-2: Foul Ball, location: 9LDF
3-2: DOUBLE (Groundball, 3L, EV 105.0 MPH)
Batting: RHB Ryan Wagner 0-0: Swinging Strike
0-1: Ground out 5-3 (Groundball, 56S, EV 90.6 MPH)
Batting: RHB Montes Calosso 0-0: SINGLE (Groundball, 56D, EV 98.1 MPH)
Paul Bailey to third
Runner from 3rd tries for Home, SAFE, throw by LF to home
Batting: RHB Joe Fishler 0-0: Ball
1-0: Foul Ball, location: 3DF
1-1: Foul Ball, location: 2F
1-2: Ball
2-2: Ball
3-2: Foul Ball, location: 9LSF
3-2: Foul Ball, location: 2F
3-2: Ground out U3 (Groundball, 3, EV 89.4 MPH)
Bottom of the 8th over - 1 run, 2 hits, 0 errors, 1 left on base; New Hampshire 1 - Harrisburg 6
TOP OF THE 9TH
New Hampshire Fisher Cats batting - Pitching for Harrisburg Senators : RHP Sean Trembath
Pitching: RHP Jacob DeLorme
Batting: RHB Steve Bova 0-0: Ball
1-0: Ball
2-0: Foul Ball, location: 23F
2-1: Ball
3-1: Swinging Strike
3-2: Base on Balls
Batting: RHB Mike Barney 0-0: Ball
1-0: Ball
2-0: Ball
3-0: Base on Balls
Steve Bova to second
Pinch Hitting: SHB Jasper Raucci 0-0: Ball
1-0: Ball
2-0: Ball
3-0: Called Strike
3-1: Swinging Strike
3-2: Foul Ball, location: 7LSF
3-2: 3-RUN HOME RUN (Flyball, 78XD, EV 105.6 MPH), Distance : 410 ft
Pitching: RHP Bill Pourciau
Now in CF: Jose Huerta
Now in RF: Zion Hamilton
Batting: RHB Matt Larsen 0-0: Ball
1-0: Ball
2-0: Ball
3-0: Called Strike
3-1: Called Strike
3-2: Fly out, F6 (Popup, 6D, EV 46.9 MPH)
Batting: RHB Julio Correa 0-0: Ground out 5-3 (Groundball, 56S, EV 78.1 MPH)
Batting: RHB Walt Baranyi 0-0: Ball
1-0: Ball
2-0: Called Strike
2-1: Foul Ball, location: 5DF
2-2: Strikes out swinging
Top of the 9th over - 3 runs, 1 hit, 0 errors, 0 left on base; New Hampshire 4 - Harrisburg 6
Monday, May 13th , 2024 - OOTP Baseball 24.11 Build 85